 Dungeon Crawl Stone Soup version 0.18.1-50-g88ac8fd (webtiles) character file.

380 go0n the Cudgeler (level 6, -1/63 HPs)
             Began as a Troll Berserker on Sept 15, 2016.
             Was a Believer of Trog.
             Slain by an orc warrior
             ... wielding a +0 hand axe
              (11 damage)
             ... on level 4 of the Dungeon.
             The game lasted 00:15:18 (2565 turns).

go0n the Cudgeler (Troll Berserker)                 Turns: 2565, Time: 00:15:18

Health: -1/63      AC:  9    Str: 30    XL:     6   Next: 46%
Magic:  5/5        EV: 10    Int:  3    God:    Trog [**....]
Gold:   97         SH:  0    Dex: 10    Spells: 0 memorised, 5 levels left

rFire  . . .     SeeInvis .     a - +0 mace
rCold  . . .     Gourm    +     b - +1 animal skin
rNeg   + . .     Faith    .     (no shield)
rPois  .         Spirit   .     e - +2 hat
rElec  .         Dismiss  .     l - +0 cloak
rCorr  .         Reflect  .     (gloves unavailable)
SustAt .         Harm     .     (boots unavailable)
MR     ++...                    h - amulet of the gourmand
Stlth  +.........               g - +3 ring of strength
                                f - ring of positive energy

@: regenerating, very resistant to hostile enchantments, very unstealthy
A: unfitting armour, claws 3, fast metabolism 3, gourmand, regeneration 2,
shaggy fur 1, tough skin 2
a: Berserk, Trog's Hand, Burn Spellbooks, Renounce Religion


You were on level 4 of the Dungeon.
You worshipped Trog.
Trog was pleased with you.
You were near starving.

You visited 1 branch of the dungeon, and saw 4 of its levels.

You collected 97 gold pieces.

Inventory:

Hand Weapons
 a - a +0 mace (weapon)
Missiles
 i - 19 poisoned needles
Armour
 b - a +1 animal skin (worn)
 e - a +2 hat (worn)
 l - a +0 cloak (worn)
Jewellery
 f - a ring of positive energy (left claw)
 g - a +3 ring of strength (right claw)
 h - an amulet of the gourmand (around neck)
Scrolls
 k - a scroll of teleportation
 m - a scroll of recharging {unknown}
 o - a scroll of identify {unknown}
Potions
 d - a potion of curing {unknown}
 j - a potion of heal wounds
 n - a potion of brilliance {unknown}
Comestibles
 c - 3 bread rations
 p - a fruit


   Skills:
 + Level 4.5 Fighting
 + Level 5.0 Maces & Flails
 - Level 2.4 Dodging
 + Level 0.4 Stealth


You had 5 spell levels left.
You didn't know any spells.

Dungeon Overview and Level Annotations

Branches:
Dungeon (4/15)
 Temple: D:4-7

Altars:
Elyvilon
Fedhas
Makhleb
Okawaru
Pakellas
Sif Muna
The Shining One


Innate Abilities, Weirdness & Mutations

You are too large for most types of armour.
You have claws for hands.
Your metabolism is lightning-fast.
You like to eat raw meat.
You heal very quickly.
You are covered in fur (AC +1).
You have very tough skin (AC +2).


Message History

Your Maces & Flails skill increases to level 5!
You barely miss the orc priest. You closely miss the orc warrior.
The orc warrior misses you.
You completely miss the orc warrior. The orc warrior barely misses you.
Your skin crawls.
You feel resistant to hostile enchantments.
You feel slightly more hungry.
The orc warrior hits you with a hand axe!
* * * LOW HITPOINT WARNING * * *
You closely miss the orc warrior.
The orc warrior hits you with a hand axe!
* * * LOW HITPOINT WARNING * * *
You closely miss the orc warrior.
The orc warrior hits you with a hand axe.
* * * LOW HITPOINT WARNING * * *
You closely miss the orc warrior. You hit the orc warrior.
The orc warrior is lightly wounded.
The orc warrior hits you with a hand axe!
You die...

.........oo.....# #+##
##......##.o....##...##
#######'##...O..#......
......oo#....W..#......
.......o#.......#......
........#.......o#
##......########)#
##......##.....o##
.........#.....o@#
.........#.......#
.........#......##
##.......#.......
#...)<..#>......
#....(..########
#######.# ##


You could see an orc warrior and an orc priest.

Vanquished Creatures
  The ghost of go0n the Sneak, an amateur OpAs (D:4)
  An ogre (D:4)
  3 gnolls (D:2)
  6 adders
  2 oozes (D:2)
  A worm (D:2)
  2 dart slugs
  A giant gecko (D:4)
  6 orcs
  A giant cockroach (D:1)
  10 goblins
  11 hobgoblins
  8 jackals (D:2)
  A quokka (D:2)
  A ball python (D:2)
  2 bats
  A giant newt (D:1)
  6 kobolds
  8 rats
72 creatures vanquished.

Notes
Turn   | Place    | Note
--------------------------------------------------------------
     0 | D:1      | go0n the Troll Berserker began the quest for the Orb.
     0 | D:1      | Reached XP level 1. HP: 22/22 MP: 0/0
   336 | D:1      | Reached XP level 2. HP: 29/29 MP: 1/1
   362 | D:1      | Reached skill level 3 in Maces & Flails
   714 | D:2      | Reached XP level 3. HP: 37/37 MP: 2/2
   850 | D:2      | Reached ** piety under Trog
   988 | D:2      | HP: 1/37 [gnoll/club (10)]
   997 | D:2      | Reached XP level 4. HP: 4/45 MP: 3/3
  1031 | D:2      | Found a deep blue altar of Sif Muna.
  1031 | D:2      | Found an iron altar of Okawaru.
  1033 | D:2      | Found a blossoming altar of Fedhas.
  1313 | D:2      | Reached skill level 4 in Maces & Flails
  1894 | D:3      | Found a burning altar of Makhleb.
  1902 | D:3      | Found a white marble altar of Elyvilon.
  1903 | D:3      | Found an oddly glowing altar of Pakellas.
  1910 | D:3      | Found a glowing golden altar of the Shining One.
  1981 | D:3      | Reached XP level 5. HP: 42/53 MP: 4/4
  2481 | D:4      | Noticed go0n's ghost (amateur OpAs)
  2484 | D:4      | Noticed an orc warrior
  2496 | D:4      | Noticed an ogre
  2551 | D:4      | Killed go0n's ghost
  2551 | D:4      | Reached XP level 6. HP: 48/62 MP: 5/5
  2556 | D:4      | Reached skill level 5 in Maces & Flails
  2565 | D:4      | Slain by an orc warrior

Skill      XL: |  1  2  3  4  5  6 |
---------------+-------------------+-----
Maces & Flails | 3 4 5 |  5.0
Fighting       | 3 4 |  4.5
Dodging        | |  2.4
Stealth        | |  0.4

Action                   |  1- 3 |  4- 6 || total
-------------------------+-------+-------++-------
Melee: Mace              |    98 |   200 ||   298
Invok: Berserk           |     1 |       ||     1
       Trog's Hand       |     1 |     1 ||     2
  Use: Scroll            |     4 |     2 ||     6
       Potion            |       |     1 ||     1
  Eat: Chunk             |     7 |    10 ||    17
       Pizza             |     1 |       ||     1
       Beef jerky        |       |     1 ||     1
       Fruit             |       |     1 ||     1
Armor: Animal skin       |    39 |   104 ||   143
Dodge: Dodged            |    58 |   118 ||   176
